 Dungeon Crawl Stone Soup version 0.30-a0-534-gdc55766716 (webtiles) character file.

Game seed: 12245922039126426831

2193 greenreed the Basher (level 9, -4/78 HPs)
             Began as a Minotaur Fighter on Dec 24, 2022.
             Was an Initiate of Nemelex Xobeh.
             Killed from afar by a ynoxinul (26 damage)
             ... with an iron shot
             ... on level 1 of the Abyss.
             The game lasted 00:12:28 (5263 turns).

greenreed the Basher (Minotaur Fighter)             Turns: 5263, Time: 00:12:29

Health: -4/78      AC: 12    Str: 22 (24) XL:     9   Next: 12%
Magic:  8/8        EV: 25    Int:  3 (5)  God:    Nemelex Xobeh [......]
Gold:   411        SH:  4    Dex:  9 (11) Spells: 8/8 levels left

rFire   . . .      SeeInvis .    h - +1 whip (elec)
rCold   . . .      Faith    .    c - +0 buckler
rNeg    . . .      Spirit   .    b - +0 scale mail
rPois   .          Reflect  .    (helmet restricted)
rElec   .          Harm     .    s - +0 cloak
rCorr   .          Rampage  .    B - +0 pair of gloves
Will    .....                    v - +0 pair of boots Stlth
                                 w - amulet of the acrobat
HPRegen 0.33/turn                (no ring)
MPRegen 0.11/turn                (no ring)

@: acrobatic
A: horns 2, retaliatory headbutt
a: Renounce Religion, Draw Escape, Draw Destruction, Draw Summoning


You were on level 1 of the Abyss.
You worshipped Nemelex Xobeh.
Nemelex Xobeh was noncommittal.
You visited 2 branches of the dungeon, and saw 8 of its levels.
You visited the Abyss 1 time.

You collected 411 gold pieces.

Inventory:

Hand Weapons
 a - a +0 flail
 h - a +1 whip of electrocution (weapon)
 y - a +0 morningstar
Missiles
 z - 2 curare-tipped darts (quivered)
Armour
 b - a +0 scale mail (worn)
 c - a +0 buckler (worn)
 s - a +0 cloak (worn)
 v - a +0 pair of boots (worn)
 B - a +0 pair of gloves (worn)
Jewellery
 m - an amulet of magic regeneration
 r - a ring of fire
 w - an amulet of the acrobat (around neck)
Wands
 t - a wand of digging (7)
 x - a wand of light (8)
Scrolls
 e - a scroll of fog {unknown}
 f - 4 scrolls of teleportation
 g - 5 scrolls of identify {unknown}
 i - 2 scrolls of magic mapping {unknown}
 l - 2 scrolls of amnesia {unknown}
 p - a scroll of immolation {unknown}
 u - a scroll of noise {unknown}
Potions
 d - 2 potions of might
 j - 2 potions of degeneration
 k - a potion of lignification {unknown}
 n - a potion of attraction
 o - a potion of curing
 A - a potion of haste {unknown}


   Skills:
 * Level 6.9 Fighting
 * Level 10.3 Maces & Flails
 + Level 7.9 Armour
 + Level 2.3 Dodging
 + Level 0.9 Stealth
 + Level 5.1 Shields


You had 8 spell levels left.
You didn't know any spells.
Your spell library contained the following spells:

 Spells                   Type           Power      Damage    Failure   Level
 Apportation              Tloc           0%         N/A       88%         1
 Necrotise                Necr           0%         1d4       88%         1
 Summon Small Mammal      Summ           0%         N/A       88%         1
 Cigotuvi's Dreadful Rot  Necr/Pois/Air  0%         N/A       95%         2
 Portal Projectile        Hex/Tloc       0%         N/A       99%         3
 Tukima's Dance           Hex            0%         N/A       99%         3
 Dispel Undead            Necr           0%         3d6       100%        4
 Blade Hands              Tmut           0%         N/A       100%        5
 Death Channel            Necr           0%         N/A       100%        6


Dungeon Overview and Level Annotations

Branches:
Dungeon (7/15)             Temple (1/1) D:6

Altars:
Cheibriados
Dithmenos
Elyvilon
Fedhas
Gozag
Hepliaklqana
Kikubaaqudgha
Nemelex Xobeh
Okawaru
Qazlal
Ru
Sif Muna
Trog
Uskayaw
Wu Jian
Xom
Yredelemnul
Zin
The Shining One


Innate Abilities, Weirdness & Mutations

You have a pair of horns on your head.
You reflexively headbutt those who attack you in melee.


Message History

A tentacle flies out from the starspawn's body!
A starspawn tentacle comes into view.
The ufetubus attacks as you move away! The ufetubus completely misses you.
The ufetubus misses you.
A starspawn tentacle comes into view.
The starspawn tentacle grabs you. The starspawn tentacle constricts you.
The ufetubus barely misses you. You furiously retaliate!
You headbutt the ufetubus. The ufetubus barely misses you.
The starspawn tentacle's grasp on you weakens, but your attempt to escape fails.
The ufetubus closely misses you. You block the ufetubus's attack.
The starspawn tentacle constricts you.
You escape the starspawn tentacle's grasp.
The starspawn tentacle closely misses you.
The ufetubus completely misses you. The ufetubus misses you.
The ufetubus attacks as you move away! The ufetubus barely misses you.
The ufetubus completely misses you.
A small abomination comes into view.
The starspawn tentacle grabs you. The starspawn tentacle constricts you.
You escape the starspawn tentacle's grasp.
The starspawn tentacle grabs you. The starspawn tentacle constricts you.
You escape the starspawn tentacle's grasp.
The starspawn tentacle grabs you. The starspawn tentacle constricts you.
The starspawn tentacle's grasp on you weakens, but your attempt to escape fails.
The ufetubus hits you but does no damage. x2
The starspawn tentacle constricts you.
The starspawn tentacle's grasp on you weakens, but your attempt to escape fails.
The ufetubus hits you but does no damage. x2
The starspawn tentacle loses its grip on you.
The tentacle pulls you backwards! You block the ufetubus's attack.
The ufetubus barely misses you. The starspawn tentacle grabs you.
The starspawn tentacle constricts you.
* * * LOW HITPOINT WARNING * * *
You escape the starspawn tentacle's grasp.
The ynoxinul attacks as you move away!
The ynoxinul hits you but does no damage.
The ufetubus closely misses you. The ufetubus completely misses you.
The ynoxinul gestures at you. The iron shot hits you!!
You die...
Your body disappears without a glow.

#.. #. . ..#
.. ## #. ...
.##.#. #.#
.. .....#.
#..##.
......
..#.#.. ..
###.# .#
###@x#.#
#...5..#
......#53###
..####.#..#
./5..#.#
.─X.#.#....
..5.##.#
#..... ##.#
# ..##. ##
#.


You could see a ynoxinul, a small abomination and 3 ufetubi.

Vanquished Creatures
  Grinder (D:5)
  2 small abominations (Abyss:1)
  A neqoxec (Abyss:1)
  Edmund (D:6)
  A large abomination (Abyss:1)
  2 water moccasins
  A sky beast (D:7)
  2 ice beasts
  A phantom (D:6)
  A necrophage (D:5)
  2 scorpions
  3 wights (D:7)
  A howler monkey (D:4)
  A quasit (Abyss:1)
  An iron imp (D:3)
  2 jellies
  A gnoll bouda (D:6)
  An orc priest (D:5)
  3 hounds
  An iguana (D:5)
  3 orc wizards (D:4)
  13 adders
  3 gnolls (D:6)
  3 white imps
  An ufetubus (D:5)
  A dart slug (D:4)
  13 orcs
  3 bats
  4 endoplasms
  4 giant cockroaches
  4 goblins
  7 hobgoblins
  2 kobolds (D:1)
  4 quokkas
  5 ball pythons
  6 frilled lizards
  4 rats
109 creatures vanquished.

Vanquished Creatures (others)
  3 plants (D:2)
  3 starspawn tentacles (Abyss:1)
6 creatures vanquished.

Grand Total: 115 creatures vanquished

Notes
Turn   | Place    | Note
-------+----------+-------------------------------------------
     0 | D:1      | greenreed the Minotaur Fighter began the quest for the Orb.
     0 | D:1      | Reached XP level 1. HP: 19/19 MP: 0/0
   151 | D:1      | Reached XP level 2. HP: 25/27 MP: 1/1
   293 | D:1      | Reached skill level 3 in Maces & Flails
   530 | D:2      | Reached XP level 3. HP: 23/33 MP: 2/2
   808 | D:2      | Found a faded altar of an unknown god.
  1015 | D:2      | Reached skill level 4 in Maces & Flails
  1279 | D:3      | Reached XP level 4. HP: 39/40 MP: 3/3
  1319 | D:3      | Found a snail-covered altar of Cheibriados.
  1504 | D:3      | Reached skill level 5 in Maces & Flails
  2157 | D:4      | Reached XP level 5. HP: 47/47 MP: 4/4
  2194 | D:4      | Identified the +1 leather armour of the Shore {Str+3 Int+2}
  2322 | D:4      | Found a blossoming altar of Fedhas.
  2358 | D:4      | Reached XP level 6. HP: 44/53 MP: 5/5
  2627 | D:5      | Entered Level 5 of the Dungeon
  2632 | D:4      | Reached skill level 6 in Maces & Flails
  2632 | D:4      | Reached skill level 5 in Armour
  2844 | D:5      | Noticed an ice beast
  2851 | D:5      | Killed an ice beast
  2878 | D:5      | Reached skill level 7 in Maces & Flails
  2878 | D:5      | Reached XP level 7. HP: 31/60 MP: 6/6
  3179 | D:5      | Noticed Grinder
  3449 | D:5      | Reached skill level 5 in Fighting
  3556 | D:5      | Killed Grinder
  3557 | D:5      | Reached skill level 8 in Maces & Flails
  3557 | D:5      | Reached skill level 1 in Dodging
  3592 | D:5      | Reached XP level 8. HP: 58/68 MP: 7/7
  3764 | D:6      | Found a staircase to the Ecumenical Temple.
  3777 | Temple   | Entered the Ecumenical Temple
  3960 | Temple   | Became a worshipper of Nemelex Xobeh the Trickster
  4005 | D:6      | Noticed Edmund
  4013 | D:6      | Killed Edmund
  4051 | D:6      | Reached skill level 9 in Maces & Flails
  4706 | D:7      | Reached skill level 5 in Shields
  4714 | D:7      | Reached skill level 10 in Maces & Flails
  4716 | Abyss:1  | Cast into level 1 of the Abyss (wight)
  4769 | Abyss:1  | Noticed a large abomination
  5122 | Abyss:1  | Reached XP level 9. HP: 8/78 MP: 8/8
  5185 | Abyss:1  | Noticed an angel
  5189 | Abyss:1  | Noticed an efreet
  5194 | Abyss:1  | HP: 2/78 [angel/+1 whip of holy wrath (3)]
  5224 | Abyss:1  | Noticed a tentacled starspawn
  5263 | Abyss:1  | Killed from afar by a ynoxinul

Illustrated notes

Levels and vault maps discovered:
D:1:      lemuel_arrival_tunnels, layout_rooms
D:2:      cheibrodos_old_hovel, layout_loops_ring,
          chequers_ecumenical_altar_lobes, amethyst_killhole
D:3:      layout_basic, slow_altar_2
D:4:      layout_cave_pools, lemuel_tele_altar
D:5:      minmay_skewed_foursquare, layout_rooms, serial_demonic,
          serial_demonic_c, serial_demonic_f, serial_demonic_g,
          serial_demonic_g, uniq_grinder
D:6:      layout_rooms, minmay_temple_entry_waves, nicolae_grassy_gnolls,
          uniq_edmund
D:7:      layout_basic, grunt_temple_overflow_lords_of_destruction,
          serial_shops, nicolae_square_shop
Temple:   minmay_crystal_spiral_temple
Abyss:1:  base: D:1, hangedman_decor_peaks_small, hangedman_abyss_lost_library

Skill      XL: |  1  2  3  4  5  6  7  8 |
---------------+-------------------------+-----
Maces & Flails | 3 4 5 7 8 10 | 10.3
Fighting       | 4 5 6 |  6.9
Armour         | 4 5 6 7 |  7.9
Shields        | 4 5 |  5.1
Dodging        | 1 2 |  2.3
Stealth        | |  0.9

Action                   |  1- 3 |  4- 6 |  7- 9 || total
-------------------------+-------+-------+-------++-------
Melee: Flail             |    33 |       |       ||    33
       Headbutt          |     7 |    15 |    32 ||    54
       Whip              |    58 |   109 |   167 ||   334
  Use: Potion            |       |       |     3 ||     3
       Scroll            |       |       |     1 ||     1
Armor: Scale mail        |    36 |    37 |    49 ||   122
Dodge: Dodged            |    28 |    43 |    58 ||   129
Block: Buckler           |    17 |    17 |    26 ||    60

Table legend: (Time is in decaauts)
 A = Elapsed time spent in this place.
 B = Non-inter-level travel time spent in this place.
 C = Inter-level travel time spent in this place.
 D = Time resting spent in this place.
 E = Time spent auto-exploring this place.
 F = Levels seen in this place.
 G = Mean time per level.
                   A        B        C        D        E       F      G
               +--------+--------+--------+--------+--------+-----+--------+
         Total |   5214 |   4896 |    318 |    652 |   3332 |   9 |  579.3 |
       Dungeon |   4459 |   4226 |    233 |    343 |   3116 |   7 |  637.0 |
        Temple |    216 |    131 |     85 |      0 |    111 |   1 |  216.0 |
         Abyss |    538 |    538 |      0 |    309 |    105 |   1 |  538.0 |
               +--------+--------+--------+--------+--------+-----+--------+

Top non-repeatable levels by time:
     D:4: 895 daAuts
     D:3: 839 daAuts
     D:2: 775 daAuts
     D:5: 678 daAuts
     D:6: 601 daAuts
 Abyss:1: 538 daAuts
     D:1: 491 daAuts
  Temple: 216 daAuts
     D:7: 177 daAuts
